 Dungeon Crawl Stone Soup version 0.31.0-9-g3a7656b989 (webtiles) character file.

Game seed: 12253394589296187743

916 qw the Skirmisher (level 7, -5/40 HPs)
             Began as a Deep Elf Hunter on Feb 2, 2024.
             Was a Follower of Okawaru.
             Shot with an arrow by a centaur (12 damage)
             ... on level 5 of the Dungeon.
             The game lasted 00:00:13 (3698 turns).

qw the Skirmisher (Deep Elf Hunter)                 Turns: 3698, Time: 00:00:14

Health: -5/40      AC:  5    Str: 10    XL:     7   Next: 83%
Magic:  9/9        EV: 12    Int: 18    God:    Okawaru [*.....]
Gold:   256        SH:  5    Dex: 21    Spells: 6/6 levels left

rFire   . . .        i - +0 orcbow
rCold   . . .        (shield currently unavailable)
rNeg    . . .        e - +0 ring mail
rPois   +            (no helmet)
rElec   .            (no cloak)
rCorr   .            (no gloves)
SInv    .            (no boots)
Will    .....        c - amulet of reflection
Stlth   +            f - ring "Evvafuhu" {^Drain rPois Int+4 Dex+3 Slay+4}
HPRegen 0.26/turn    (no ring)
MPRegen 0.11/turn

%: reflection
@: about to teleport
A: no striking features
a: Renounce Religion, Heroism


You were on level 5 of the Dungeon.
You worshipped Okawaru.
Okawaru was aware of your devotion.
You visited 2 branches of the dungeon, and saw 6 of its levels.

You collected 256 gold pieces.


   Skills:
 - Level 2.4 Fighting
 + Level 11.8 Ranged Weapons
 - Level 4.1 Dodging
 - Level 1.2 Stealth
 + Level 0.0 Invocations


You had 6 spell levels left.
You didn't know any spells.
Your spell library was empty.

Inventory:

Hand Weapons
 i - a +0 orcbow (weapon)
Armour
 e - a +0 ring mail (worn)
Jewellery
 c - an amulet of reflection (around neck)
 f - the ring "Evvafuhu" (left hand) {^Drain rPois Int+4 Dex+3 Slay+4}
   (You found it on level 3 of the Dungeon)

   [ring of slaying]

   Int+4:     It affects your intelligence (+4).
   Dex+3:     It affects your dexterity (+3).
   Slay+4:    It affects your accuracy & damage with ranged weapons and melee
   (+4).
   rPois:     It protects you from poison ^Drain: It drains your maximum health
   when unequipped.
 k - a ring of fire
Wands
 b - a wand of roots (9)
Scrolls
 a - a scroll of amnesia {unknown}
 h - a scroll of teleportation
Potions
 d - a potion of curing {unknown}
 g - a potion of mutation

Dungeon Overview and Level Annotations

Branches:
Dungeon (5/15)             Temple (1/1) D:4

Altars:
Ashenzari
Dithmenos
Elyvilon
Hepliaklqana
Kikubaaqudgha
Makhleb
Nemelex Xobeh
Okawaru
Qazlal
Ru
Sif Muna
Vehumet
Wu Jian
Xom
Yredelemnul
Zin

Shops:
D:2 [


Message History

HP restored.
Found a short sword.
d - an inky potion A bombardier beetle comes into view.
You shoot an arrow. The arrow hits the bombardier beetle!
The bombardier beetle is heavily wounded.
You shoot an arrow. The arrow hits the bombardier beetle!
You kill the bombardier beetle!
Okawaru accepts your kill.
You can now gain great but temporary skills.
You see here a bombardier beetle corpse.
Found a stone staircase leading up.
Enter note: You now have enough gold to buy a pair of faintly humming boots on D:2.
You can access your shopping list by pressing '$'.
You now have 256 gold pieces (gained 11).
You see here a +0 whip.
A centaur comes into view.
Found a manual of Unarmed Combat.
The centaur shouts!
The centaur wields a +0 shortbow.
The centaur shoots an arrow.
The arrow hits you!
A centaur comes into view.
The centaur shoots an arrow.
The arrow barely misses you.
The centaur moves out of view.
You shoot an arrow. The arrow barely misses the centaur.
You shoot an arrow. The arrow barely misses the centaur.
The centaur shouts!
The centaur wields a +0 shortbow.
The centaur shoots an arrow.
The arrow hits you!
The centaur shoots an arrow.
The arrow barely misses you.
You shoot an arrow. The arrow barely misses the centaur.
You shoot an arrow. The arrow hits the centaur!
The centaur is heavily wounded.
The centaur shoots an arrow.
The arrow hits you!
The centaur shoots an arrow.
The arrow hits you!
3698 ||| READING 2 scrolls of teleportation.
As you read the scroll of teleportation, it crumbles to dust.
You feel strangely unstable.
The centaur shoots an arrow.
The arrow hits you!
You die...

..#.......##
##............#
#......#..####...........##
#........#..###.#.......##
#......#...#.##..#....###
##.......#..%##..######
##....#...#....#.# #####
#......#..#####)## #...###
##...##.### ####.# ##.....#
##.. ## #@...## #....... ##
#..###.## ##....... #.##
#..# #........ ...
##.###........ ##c#
#..#......... ..
##.#......... .#.
#.......>... ..#:
##.......... #........%.


You could see a centaur.

Vanquished Creatures
  A black bear (D:4)
  A centaur (D:4)
  An ogre (D:4)
  2 phantoms
  A kobold brigand (D:3)
  2 bombardier beetles (D:5)
  A crimson imp (D:4)
  A hound (D:3)
  2 jellies
  An orc priest (D:4)
  An iguana (D:4)
  An orc wizard (D:4)
  10 adders
  A white imp (D:4)
  2 ribbon worms
  2 dart slugs
  3 orcs
  4 ball pythons
  3 endoplasms
  A giant cockroach (D:2)
  7 goblins
  4 hobgoblins
  5 jackals
  3 kobolds (D:1)
  3 quokkas
  4 bats
  4 frilled lizards
  4 rats
75 creatures vanquished.

Notes
Turn   | Place    | Note
-------+----------+-------------------------------------------
     0 | D:1      | qw the Deep Elf Hunter began the quest for the Orb.
     0 | D:1      | Reached XP level 1. HP: 12/12 MP: 3/3
     0 | D:1      | 0 ||| qw: Version: 0.3-a-155-g5e7d8dd
     0 | D:1      | 0 ||| qw: Game counter: 418
     0 | D:1      | 0 ||| qw: Melee chars always use a shield: true
     0 | D:1      | 0 ||| qw: God list: Okawaru
     0 | D:1      | 0 ||| qw: Allow faded altars: false
     0 | D:1      | 0 ||| qw: Do Orc after clearing Dungeon:15 true
     0 | D:1      | 0 ||| qw: Do second Lair branch before Depths: true
     0 | D:1      | 0 ||| qw: Lair rune preference: random
     0 | D:1      | 0 ||| qw: Goals: Normal
     0 | D:1      | 0 ||| PLANNING D:1-11
    83 | D:1      | Found a faded altar of an unknown god.
   178 | D:1      | Reached skill level 6 in Ranged Weapons
   178 | D:1      | Reached XP level 2. HP: 16/16 MP: 4/4
   659 | D:1      | 659 ||| READING scroll labelled WUHITI ZIRIGRI.
   660 | D:1      | 660 ||| READING 2 scrolls labelled ZUEMA TEACUBRU.
   660 | D:1      | 660 ||| IDENTIFYING green potion
   661 | D:1      | 661 ||| READING scroll of identify.
   661 | D:1      | 661 ||| IDENTIFYING 2 ruby potions
   662 | D:1      | 662 ||| READING 2 scrolls labelled CELEGE TAKH.
   666 | D:1      | 666 ||| DROPPING scroll of butterflies.
   667 | D:1      | 667 ||| DROPPING 2 potions of attraction.
   802 | D:2      | Reached XP level 3. HP: 20/20 MP: 5/5
   983 | D:2      | Reached skill level 7 in Ranged Weapons
  1342 | D:2      | Found Gyijuidd's Antique Armour Emporium.
  1351 | D:2      | 1351 ||| SHOPLISTING pair of faintly humming boots (256
                  | gold, have 112).
  1351 | D:2      | 1351 ||| SHOPLISTING pair of gloves (121 gold, have 112).
  1556 | D:2      | 1556 ||| UPGRADING to +0 ring mail.
  1566 | D:2      | 1566 ||| DROPPING +0 leather armour.
  1567 | D:2      | 1567 ||| DROPPING +6 ring of intelligence.
  1568 | D:2      | 1568 ||| READING scroll of identify.
  1568 | D:2      | 1568 ||| IDENTIFYING scroll labelled RUFO MUEKOSI
  1569 | D:2      | 1569 ||| DROPPING scroll of noise.
  1611 | D:3      | Reached XP level 4. HP: 13/25 MP: 6/6
  1711 | D:3      | 1711 ||| FLEEEEING.
  1712 | D:3      | 1712 ||| FLEEEEING.
  1713 | D:3      | 1713 ||| FLEEEEING.
  1714 | D:3      | 1714 ||| FLEEEEING.
  1818 | D:3      | Reached skill level 8 in Ranged Weapons
  1870 | D:3      | Reached XP level 5. HP: 29/29 MP: 7/7
  1980 | D:3      | Found a sparkling altar of Nemelex Xobeh.
  1980 | D:3      | Noticed a phantom
  1981 | D:3      | 1981 ||| DRINKING potion of haste.
  2046 | D:3      | Killed a phantom
  2047 | D:3      | Reached skill level 9 in Ranged Weapons
  2234 | D:3      | Identified the ring "Evvafuhu" {^Drain rPois Int+4 Dex+3
                  | Slay+4}
  2403 | D:3      | 2403 ||| UPGRADING to amulet of reflection.
  2408 | D:3      | 2408 ||| UPGRADING to ring "Evvafuhu" {^Drain rPois Int+4
                  | Dex+3 Slay+4}.
  2409 | D:3      | 2409 ||| READING 2 scrolls of identify.
  2409 | D:3      | 2409 ||| IDENTIFYING clear potion
  2410 | D:3      | 2410 ||| READING scroll of identify.
  2410 | D:3      | 2410 ||| IDENTIFYING fuming inky potion
  2411 | D:3      | 2411 ||| DRINKING 2 glowing sapphire potions.
  2412 | D:3      | 2412 ||| DROPPING potion of brilliance.
  2413 | D:3      | 2413 ||| DROPPING potion of invisibility.
  2432 | D:4      | 2432 ||| STAIRDANCE
  2436 | D:3      | Reached XP level 6. HP: 36/36 MP: 8/8
  2440 | D:4      | Reached skill level 3 in Dodging
  2614 | D:4      | Found a shadowy altar of Dithmenos.
  2620 | D:4      | Found a staircase to the Ecumenical Temple.
  2621 | D:4      | 2621 ||| PLANNING TEMPLE
  2636 | D:4      | Reached skill level 10 in Ranged Weapons
  2651 | Temple   | Entered the Ecumenical Temple
  2652 | Temple   | 2652 ||| PLANNING OKAWARU WORSHIP
  2652 | Temple   | 2652 ||| SWAPPING to +0 orcbow.
  2653 | Temple   | 2653 ||| DROPPING +0 shortbow.
  2661 | Temple   | Became a worshipper of Warmaster Okawaru
  2662 | Temple   | 2662 ||| PLANNING D:1-11
  2817 | D:4      | Reached XP level 7. HP: 40/40 MP: 9/9
  3090 | D:4      | Reached skill level 11 in Ranged Weapons
  3460 | D:4      | 3460 ||| READING scroll of identify.
  3460 | D:4      | 3460 ||| IDENTIFYING lumpy silvery potion
  3461 | D:4      | 3461 ||| READING scroll labelled SETHAI XOZYJO.
  3462 | D:4      | 3462 ||| DROPPING potion of lignification.
  3475 | D:5      | Entered Level 5 of the Dungeon
  3626 | D:5      | Reached * piety under Okawaru
  3697 | D:5      | HP: 6/40 [centaur/arrow (9)]
  3698 | D:5      | 3698 ||| READING 2 scrolls of teleportation.
  3698 | D:5      | Shot with an arrow by a centaur

Levels and vault maps discovered:
D:1:      lemuel_arrival_muddy, layout_loops_cross,
          hellmonk_ecumenical_altar_crossroads
D:2:      layout_basic, serial_shops, nicolae_shop_just_a_little_nook,
          due_unseen_surprise
D:3:      layout_loops_ring, lemuel_tele_altar, chequers_serial_rivers_micro_e,
          minmay_stone_trees_small
D:4:      layout_layer_cave, mainiacjoe_overflow_catwalk,
          minmay_temple_entry_statues_pillars, corexii_leaking_fountain,
          minmay_fire_ice_demons
D:5:      layout_cave_pods, lemuel_doored_altar, nicolae_uskayaw_en_pointe,
          hex_tiny, minmay_manual_mares
Temple:   nicolae_temple_two_arcs

Skill      XL: |  1  2  3  4  5  6  7 |
---------------+----------------------+-----
Ranged Weapons | 6 7 8 9 10 11 | 11.8
Fighting       | 2 |  2.4
Dodging        | 3 4 |  4.1
Stealth        | |  1.2

Action                     |  1- 3 |  4- 6 |  7- 9 || total
---------------------------+-------+-------+-------++-------
   Fire: Shortbow          |    77 |   100 |       ||   177
         Orcbow            |       |     3 |    45 ||    48
    Use: Scroll            |     5 |     2 |     3 ||    10
         Potion            |       |     2 |       ||     2
 Armour: Leather armour    |     8 |       |       ||     8
         Ring mail         |     5 |    14 |     8 ||    27
  Dodge: Dodged            |    19 |    27 |     5 ||    51
  Block: Other             |       |     3 |       ||     3

Table legend:
 A = Non-vault XP
 B = Vault XP
 C = Vault XP percentage of total XP
 D = Non-vault monster count
 E = Vault monster count
 F = Vault count percentage of total count
                 A         B        C        D         E       F
            +---------+---------+-------+---------+---------+-------
      Total |    1251 |      58 |   4.4 |      73 |       2 |   2.7
            +---------+---------+-------+---------+---------+-------
        D:1 |      27 |       0 |   0.0 |      17 |       0 |   0.0
        D:2 |      54 |       0 |   0.0 |      10 |       0 |   0.0
        D:3 |     368 |       0 |   0.0 |      21 |       0 |   0.0
        D:4 |     546 |      58 |   9.6 |      19 |       2 |   9.5
        D:5 |     256 |       0 |   0.0 |       6 |       0 |   0.0
            +---------+---------+-------+---------+---------+-------
